 Dungeon Crawl Stone Soup version 0.18.1-48-g4cf74bf (webtiles) character file.

1535707 vale the Pandemonic (level 27, 206/268 HPs)
             Began as a Hill Orc Assassin on July 24, 2016.
             Was a High Priest of Makhleb.
             Escaped with the Orb
             ... and 3 runes!
             The game lasted 04:29:14 (87594 turns).

vale the Pandemonic (Hill Orc Assassin)            Turns: 87594, Time: 04:29:14

Health: 206/268    AC: 48    Str: 35    XL:     27
Magic:  28/28      EV: 22    Int:  9    God:    Makhleb [*****.]
Gold:   6906       SH:  0    Dex: 21    Spells: 7 memorised, 7 levels left

rFire  + + .     SeeInvis .     a - +8 executioner's axe (freeze)
rCold  + . .     Gourm    .     e - +5 crystal plate armour
rNeg   + + .     Faith    .     (shield currently unavailable)
rPois  +         Spirit   .     p - +0 helmet of Eschur {rElec Str+2}
rElec  +         Dismiss  .     f - +2 cloak of Teistet {rPois rCorr Str+2 Dex+3}
rCorr  +         Reflect  .     M - +2 pair of gloves {Str+3}
SustAt .         Harm     .     m - +1 pair of boots of the Game Afoot {rF+ MR+ Str+2 Dex+2}
MR     ++++.                    J - macabre finger necklace {rN+}
Stlth  ..........               D - ring "Riehate" {rC+ EV+2}
                                Q - ring "Teacwec" {rPois rN+ MR+ Str+5 Dex+2}
                                g - ring of protection from fire

@: incredibly resistant to hostile enchantments, extremely unstealthy
A: clumsy 1, dopey 1, low mp 3, weak 1
a: Minor Destruction, Lesser Servant of Makhleb, Major Destruction, Greater
Servant of Makhleb, Renounce Religion
0: Orb of Zot
}: 3/15 runes: decaying, serpentine, silver


You escaped.
You worshipped Makhleb.
Makhleb was extremely pleased with you.
You were not hungry.

You visited 10 branches of the dungeon, and saw 52 of its levels.
You also visited: Ice Cave.

You collected 9478 gold pieces.
You spent 2572 gold pieces at shops.

Inventory:

Hand Weapons
 a - a +8 executioner's axe of freezing (weapon)
Missiles
 N - 4 throwing nets (quivered)
Armour
 e - a +5 crystal plate armour (worn)
 f - the +2 cloak of Teistet (worn) {rPois rCorr Str+2 Dex+3}
   (You found it on level 3 of the Elven Halls)

   It affects your strength (+2).
   It affects your dexterity (+3).
   It protects you from poison.
   It protects you from acid and corrosion.
 m - the +1 pair of boots of the Game Afoot (worn) {rF+ MR+ Str+2 Dex+2}
   (You found it on level 3 of the Elven Halls)

   It affects your strength (+2).
   It affects your dexterity (+2).
   It protects you from fire.
   It affects your resistance to hostile enchantments.
 p - the +0 helmet of Eschur (worn) {rElec Str+2}
   (You found it on level 4 of the Depths)

   It affects your strength (+2).
   It insulates you from electricity.
 M - a +2 pair of gloves of strength (worn)
Jewellery
 g - a ring of protection from fire (on amulet)
 D - the ring "Riehate" (right hand) {rC+ EV+2}
   (You took it off a tengu reaver on level 5 of the Vaults)

   [ring of evasion]

   It affects your evasion (+2).
   It protects you from cold.
 J - the macabre finger necklace (around neck) {rN+}
   (You found it on level 3 of the Elven Halls)

   [amulet of nothing]

   It protects you from negative energy.
 Q - the ring "Teacwec" (left hand) {rPois rN+ MR+ Str+5 Dex+2}
   (You took it off a deep elf demonologist on level 3 of the Elven Halls)

   [ring of strength]

   It affects your strength (+5).
   It affects your dexterity (+2).
   It protects you from poison.
   It protects you from negative energy.
   It affects your resistance to hostile enchantments.
 X - an uncursed ring of see invisible
Wands
 v - a wand of digging (15/24)
 G - a wand of disintegration (13/24)
 S - a wand of hasting (5/9)
 Z - a wand of heal wounds (4/9)
Scrolls
 c - 26 scrolls of remove curse
 s - 3 scrolls of fear
 t - 7 scrolls of recharging
 y - 15 scrolls of teleportation
 A - 3 scrolls of holy word
 I - 4 scrolls of magic mapping
 L - 6 scrolls of summoning
 O - 9 scrolls of fog
 P - 5 scrolls of blinking
 W - 3 scrolls of identify
Potions
 d - 6 potions of might
 h - 2 potions of agility
 k - 10 potions of flight
 l - 21 potions of curing
 o - 2 potions of cancellation
 w - 5 potions of resistance
 x - 9 potions of heal wounds
 B - a potion of berserk rage
 C - 4 potions of magic
 F - 8 potions of haste
 K - a potion of ambrosia
 R - 2 potions of invisibility
Miscellaneous
 i - a fan of gales
 j - 2 phantom mirrors
 q - a box of beasts
 r - a sack of spiders {used: 4}
 E - a phial of floods
 H - a box of beasts {used: 3}
 U - a lamp of fire
 Y - an ornate deck of changes {the Potion}
Comestibles
 n - 37 meat rations {@e2}
 u - 17 fruits


   Skills:
 + Level 25.7 Fighting
   Level 2.0 Short Blades
 - Level 25.9(26.4) Axes
   Level 8.7(17.2) Maces & Flails
 - Level 1.8 Throwing
 + Level 24.5 Armour
 - Level 15.7 Dodging
 - Level 3.3 Stealth
 O Level 27 Invocations


You had 7 spell levels left.
You knew the following spells:

 Your Spells              Type           Power        Failure   Level  Hunger
a - Song of Slaying       Chrm           #.......     100%        2    ###....
b - Spectral Weapon       Hex/Chrm       #.......     100%        3    ####...
c - Shroud of Golubria    Chrm/Tloc      #.........   100%        2    ###....
d - Summon Butterflies    Summ           #.......     99%         1    ##.....
g - Regeneration          Chrm/Necr      #.........   100%        3    ####...
l - Haste                 Chrm           #.......     100%        6    #######
p - Blink                 Tloc           N/A          100%        2    ###....


Dungeon Overview and Level Annotations

Branches:
Dungeon (15/15)            Temple (1/1) D:4            Lair (8/8) D:11
  Swamp (4/4) Lair:6        Snake (4/4) Lair:5        Slime (0/6) Lair:8
    Orc (2/2) D:9             Elf (3/3) Orc:2        Vaults (5/5) D:13
  Crypt (0/3) Vaults:2     Depths (5/5) D:15            Zot (5/5) Depths:5

Altars:
Ashenzari
Cheibriados
Dithmenos
Elyvilon
Fedhas
Gozag
Kikubaaqudgha
Makhleb
Nemelex Xobeh
Okawaru
Pakellas
Qazlal
Ru
Sif Muna
Trog
Vehumet
Xom
Yredelemnul
Zin
The Shining One

Shops:
D:4 *   D:6 ***[   D:7 (   D:9 (   D:15 *   Orc:2 [[!?[   Elf:1 }   Elf:2 (
Elf:3 !   Snake:3 %   Vaults:1 *   Vaults:3 :(   Depths:5 }

Portals:
Hell: Depths:1 Depths:2 Depths:3 Depths:4 Depths:5
Abyss: Depths:2 Depths:4 Depths:5
Pandemonium: Depths:3 Depths:5
Ziggurat: Depths:2
Trove: Vaults:3 (give 2 scrolls of acquirement)

Annotations:
D:2 exclusion: adder
D:5 2 runed doors, Sigmund; dprevitalli's ghost, novice MiGl
D:10 Urug
D:14 exclusion: Roxanne, Roxanne
Lair:7 Beleg's ghost, journeyman OgBe


Innate Abilities, Weirdness & Mutations

You are clumsy. (Dex -2)
You are dopey. (Int -2)
Your magical capacity is extremely low (-30% MP).
You are weak. (Str -2)


Message History

The ice encasing you melts away.
You see here a club.
An iron imp comes into view.
You regained 8 hp, and now have 189/268 hp.
The iron imp moves out of view.
You slice the iron imp!! You freeze the iron imp.
You kill the iron imp!
Makhleb accepts your kill.
You feel better.
You regained 5 hp, and now have 196/268 hp.
No target in view!
(D) Dungeon (T) Temple (L) Lair (S) Swamp (P) Snake Pit (M) Slime Pits (O) Orcish Mines (E) Elven Halls (V) Vaults (C) Crypt (U) Depths (H) Hell (Z) Zot
Where to? (* - list waypoints, Enter - D:1 @ (x,y), ? - help)
There is an open door here.
There is a staircase leading out of the dungeon here.
You regained 10 hp, and now have 206/268 hp.
You have escaped!

##........#
######....# #
#....# #
#....#
#...#####
#...##≈≈≈♣##
#...#≈≈≈♣..#
###.#♣♣♣..###
#.'......@#
###♣♣♣..###
#≈≈≈♣..#
##≈≈≈♣## ####


There were no monsters in sight!

Vanquished Creatures
  2 orbs of fire (Zot:5)
  Mara (Vaults:5)
  Mennas (Vaults:3)
  4 ancient liches
  3 Killer Klowns
  3 curse toes
  14 golden dragons
  Xtahua (Vaults:5)
  A Tzitzimitl (Zot:5)
  3 electric golems
  2 liches
  16 tentacled monstrosities
  Rupert (Lair:6)
  6 titans
  17 Orb Guardians
  A quicksilver dragon (Depths:3)
  2 deep elf blademasters
  6 sphinxes
  7 death cobs
  22 storm dragons
  An Executioner (D:12)
  9 shadow dragons
  7 tengu reavers
  2 thorn hunters
  4 draconian monks
  2 draconian knights (Zot:3)
  8 greater nagas (Snake:4)
  8 fire giants
  Wiglaf (Depths:2)
  Donald (Vaults:3)
  5 ghost moths
  9 frost giants
  3 iron dragons
  9 vault wardens
  A cacodemon (D:8)
  2 draconian scorchers
  A draconian zealot (Zot:3)
  7 deep elf sorcerers
  2 draconian shifters
  3 deep elf elementalists (Elf:3)
  A balrug (Depths:5)
  3 draconian annihilators
  4 spriggan defenders
  3 war gargoyles (Vaults:5)
  24 stone giants
  15 ironheart preservers
  The ghost of cheese the Fighter, a journeyman MiBe of Trog (D:13)
  27 very ugly things
  9 vampire knights
  2 salamander stormcallers
  2 large abominations
  4 deep elf demonologists
  3 dire elephants (Lair:8)
  A draconian caller (Zot:3)
  8 green draconians
  5 yellow draconians
  5 black draconians
  6 white draconians
  11 deep elf annihilators
  9 red draconians
  12 spark wasps
  An eidolon (Vaults:2)
  7 mottled draconians
  7 purple draconians
  10 ettins
  4 deep elf death magi
  31 vault guards
  11 ogre magi
  17 ice dragons
  7 great orbs of eyes
  Josephine (Orc:1)
  25 fire dragons
  4 deep elf high priests
  8 yaktaur captains
  3 rakshasas
  10 entropy weavers
  10 anacondas
  25 hydras
  17 naga warriors
  A catoblepas (Lair:4)
  5 spriggan air magi
  2 ghost crabs
  13 alligators
  13 deep troll shamans
  An anaconda (shapeshifter) (Vaults:5)
  25 dancing weapons
  2 death knights
  5 tengu warriors
  7 centaur warriors
  17 death yaks
  13 deep troll earth magi
  A hell hog (shapeshifter) (Depths:3)
  15 naga sharpshooters
  A queen ant (shapeshifter) (Depths:3)
  4 vampire magi
  3 shock serpents
  3 orc high priests
  7 hell knights
  5 iron trolls
  7 spriggan berserkers
  2 sun demons (Depths:5)
  17 deep elf knights
  3 salamander mystics (Snake:4)
  A fire crab (shapeshifter) (Vaults:5)
  3 fire crabs
  43 deep trolls
  A shadow wraith (Vaults:2)
  13 skeletal warriors
  7 spriggan druids
  3 shambling mangroves
  12 swamp dragons
  An orange crystal statue (Elf:2)
  6 giant orange brains
  5 flayed ghosts
  6 naga ritualists
  2 unseen horrors
  8 ironbrand convokers
  2 tengu zombies
  4 hill giants
  8 harpies
  4 necromancers
  An obsidian statue (Zot:5)
  A lindwurm (shapeshifter) (Vaults:5)
  A wolf spider zombie (D:15)
  49 ugly things
  6 mana vipers (Snake:4)
  59 deep elf magi
  11 orc knights
  A sphinx zombie (Depths:2)
  22 deep elf archers
  7 phantasmal warriors
  7 wizards
  9 cyclopes
  An oklob plant (Lair:6)
  2 wolf spiders
  A salamander (shapeshifter) (Elf:3)
  4 hornets
  15 salamanders
  A shining eye (shapeshifter) (Vaults:4)
  An elephant (shapeshifter) (Depths:2)
  5 orc sorcerers
  A stone giant zombie (Depths:2)
  3 sixfirhies
  3 centaur zombies
  2 manticores (D:14)
  3 griffons
  33 black mambas
  28 moths of wrath
  10 elephants
  2 octopodes (shapeshifter)
  19 naga magi
  A stone giant skeleton (Depths:2)
  An eye of devastation (shapeshifter) (Depths:1)
  11 guardian serpents
  A guardian serpent (shapeshifter) (Elf:1)
  A frost giant skeleton (Depths:1)
  3 black mambas (shapeshifter)
  A spiny frog (shapeshifter) (Vaults:1)
  15 spiny frogs
  7 vault sentinels
  2 orange demons (D:8)
  5 spectral swamp worms (Depths:2)
  A yaktaur (shapeshifter) (Depths:2)
  2 rime drakes (Lair:3)
  7 freezing wraiths
  14 komodo dragons
  39 yaktaurs
  A redback zombie (D:15)
  12 trolls
  A red devil (D:8)
  2 tengu conjurers
  A tengu simulacrum (Vaults:2)
  8 giant leeches
  2 polar bears
  5 boulder beetles
  22 blink frogs
  Prince Ribbit (D:5)
  A two-headed ogre (shapeshifter) (Depths:1)
  22 two-headed ogres
  A wind drake (shapeshifter) (Depths:3)
  11 bog bodies
  A frost giant simulacrum (Vaults:2)
  2 blink frogs (shapeshifter)
  48 slime creatures
  2 centaur simulacra
  15 air elementals
  3 tarantellas
  23 spriggans
  9 wraiths
  23 redbacks
  A redback (shapeshifter) (Vaults:5)
  2 water elementals
  A wyvern (shapeshifter) (Elf:3)
  A wyvern (D:9)
  A basilisk (shapeshifter) (Vaults:3)
  3 fire elementals (Orc:1)
  3 hungry ghosts
  2 basilisks (Lair:6)
  A chaos spawn (D:1)
  37 yaks
  A hog (Lair:6)
  12 hippogriffs
  7 mottled dragons
  21 vampire mosquitoes
  A steam dragon (Lair:5)
  22 swamp worms
  53 nagas
  11 porcupines
  A hell hound (Orc:2)
  A water moccasin (shapeshifter) (Vaults:4)
  24 water moccasins
  3 giant eyeballs
  12 swamp drakes
  A hell hound (shapeshifter) (Vaults:1)
  39 orc warriors
  11 ice beasts
  6 sky beasts
  An ettin simulacrum (Depths:1)
  5 phantoms
  31 wasps
  A fire dragon simulacrum (Depths:1)
  A swamp drake (shapeshifter) (Elf:3)
  4 black bears
  2 eyes of draining
  An eye of draining (shapeshifter) (Vaults:5)
  2 necrophages (D:10)
  44 ogres
  10 wolves
  13 boggarts
  13 crocodiles
  13 centaurs
  3 big kobolds
  28 giant frogs
  2 earth elementals (Elf:2)
  A wyvern skeleton (D:14)
  6 scorpions
  13 killer bees
  A troll skeleton (D:9)
  9 wights
  5 electric eels
  4 spriggan skeletons
  4 crimson imps
  3 howler monkeys
  11 hounds
  6 centaur skeletons
  21 orc priests
  8 jellies
  6 giant frog skeletons
  23 orc wizards
  An iron imp (D:1)
  12 iguanas
  10 worker ants
  15 sheep
  2 hound skeletons
  A howler monkey zombie (D:11)
  11 gnolls
  14 adders
  32 river rats
  8 shadow imps
  2 ufetubi
  An ooze (Lair:8)
  2 adder skeletons
  2 adder zombies
  2 worms
  A dart slug (D:1)
  6 giant geckos
  89 orcs
  4 giant cockroaches
  11 goblins
  7 hobgoblins
  11 jackals
  10 quokkas
  2 ball pythons
  7 bats
  7 giant newts
  28 kobolds
  11 rats
  A bush (Depths:3)
  A crawling corpse (Vaults:5)
  6 fungi
  14 plants
2391 creatures vanquished.

Vanquished Creatures (collateral kills)
  An orb of fire (Zot:5)
  Norris (Snake:4)
  Saint Roka (Vaults:1)
  Jory (Depths:3)
  2 electric golems (Zot:5)
  8 Orb Guardians (Zot:5)
  A deep elf master archer (Elf:3)
  A sphinx (D:11)
  Kirke (Lair:7)
  A storm dragon (Vaults:4)
  A deep elf sorcerer (Elf:3)
  An iron dragon (Vaults:4)
  Aizul (Snake:2)
  Maud (Lair:4)
  Louise (Swamp:4)
  A stone giant (Depths:3)
  4 deep elf demonologists
  Nessos (Lair:8)
  2 deep elf annihilators (Elf:3)
  Azrael (Orc:2)
  2 dire elephants (Lair:8)
  An ettin (Depths:3)
  A vault guard (Vaults:5)
  A deep elf high priest (Elf:3)
  2 yaktaur captains
  Fannar (D:10)
  A spriggan air mage (Depths:3)
  A death knight (D:11)
  An alligator (Swamp:1)
  2 ogre magi
  Erolcha (Orc:1)
  A dancing weapon (Vaults:4)
  A shock serpent (Snake:4)
  An orc high priest (Orc:2)
  A deep troll (Depths:3)
  An orc knight (Orc:2)
  A mana viper (Snake:4)
  2 ironbrand convokers
  A wolf spider (Vaults:1)
  2 ugly things
  A cyclops (Orc:2)
  2 orc sorcerers (Orc:2)
  A deep elf mage (Vaults:1)
  An elephant (Lair:6)
  A salamander (Snake:4)
  3 black mambas
  2 naga magi (Snake:4)
  3 spiny frogs
  A yaktaur (Vaults:4)
  A komodo dragon (Lair:8)
  A tengu conjurer (Depths:3)
  A freezing wraith (Vaults:3)
  A troll (Vaults:1)
  A polar bear (Lair:4)
  5 blink frogs (Lair:8)
  A slime creature (Swamp:1)
  A wraith (Orc:1)
  A yak (Lair:6)
  A fire elemental (Orc:2)
  4 basilisks
  A hog (Lair:7)
  A neqoxec (Zot:5)
  4 nagas
  A swamp worm (shapeshifter) (Vaults:5)
  A hell hound (Orc:2)
  5 ogres
  6 orc warriors
  A wasp (Swamp:1)
  A crimson imp (D:11)
  A jelly (Lair:8)
  A quasit (Zot:5)
  2 orc priests
  3 orc wizards (Orc:2)
  3 sheep (Lair:2)
  5 orcs (Orc:2)
  A fungus (Lair:6)
127 creatures vanquished.

Vanquished Creatures (others)
  A spriggan defender (Depths:4)
  A hydra (Lair:8)
  A death yak (Lair:8)
  A shadow wraith (Vaults:4)
  A gelid demonspawn (Zot:5)
  A deep elf mage (Elf:2)
  A blink frog (Lair:8)
  A spriggan (Swamp:4)
  2 humans (Lair:7)
  2 nagas (Snake:4)
  A jelly (Lair:8)
  A lightning spire (D:13)
  3 bushes (D:13)
  2 butterflies (Lair:8)
  A fire vortex (Vaults:4)
  20 fungi
  32 plants
72 creatures vanquished.

Grand Total: 2590 creatures vanquished

Notes
Turn   | Place    | Note
--------------------------------------------------------------
     0 | D:1      | vale the Hill Orc Assassin began the quest for the Orb.
     0 | D:1      | Reached XP level 1. HP: 18/18 MP: 1/1
   533 | D:1      | Reached skill level 1 in Dodging
   590 | D:1      | Reached XP level 2. HP: 25/25 MP: 2/2
  1232 | D:1      | Reached XP level 3. HP: 33/33 MP: 3/3
  2249 | D:2      | Reached skill level 5 in Fighting
  2249 | D:2      | Reached XP level 4. HP: 33/42 MP: 4/4
  2426 | D:2      | Found a faded altar to an unknown god.
  3231 | D:3      | Reached XP level 5. HP: 48/48 MP: 5/5
  3622 | D:2      | Reached XP level 6. HP: 33/56 MP: 6/6
  4058 | D:3      | Found a basalt altar of Yredelemnul.
  4180 | D:4      | Noticed a phantom
  4204 | D:3      | Killed a phantom
  4204 | D:3      | Reached skill level 5 in Maces & Flails
  4422 | D:4      | Found Gosofoaze's Assorted Antiques.
  4430 | D:4      | Bought a scroll of blinking for 180 gold pieces
  4497 | D:4      | Found a staircase to the Ecumenical Temple.
  4517 | Temple   | Entered the Ecumenical Temple
  4531 | Temple   | Became a worshipper of Makhleb the Destroyer
  4891 | D:4      | Reached XP level 7. HP: 57/61 MP: 7/7
  5308 | D:5      | Entered Level 5 of the Dungeon
  5534 | D:5      | Found a sparkling altar of Nemelex Xobeh.
  5535 | D:5      | Noticed Sigmund
  5833 | D:5      | Found a runed door.
  5892 | D:5      | Found a runed door.
  5934 | D:5      | Reached XP level 8. HP: 38/68 MP: 8/8
  5992 | D:5      | Noticed dprevitalli's ghost (novice MiGl)
  6133 | D:5      | Noticed Prince Ribbit
  6362 | D:6      | Found Hagre's General Store.
  6368 | D:6      | Bought a scroll of magic mapping for 52 gold pieces
  6486 | D:6      | Reached * piety under Makhleb
  6491 | D:6      | Reached skill level 1 in Armour
  6508 | D:6      | Found Plog's Assorted Antiques.
  6576 | D:6      | You fall through a shaft!
  6660 | D:6      | Found a blossoming altar of Fedhas.
  6729 | D:6      | Found Atreuluu's Antique Armour Boutique.
  6927 | D:6      | Found Datiemyp's Assorted Antiques.
  7721 | D:7      | Reached skill level 5 in Axes
  8153 | D:7      | Found Wiypsuimid's Antique Weapon Shop.
  8362 | D:7      | Reached XP level 9. HP: 74/74 MP: 9/9
  8442 | D:7      | Reached ** piety under Makhleb
  8527 | D:7      | Reached skill level 1 in Invocations
  8662 | D:7      | Reached skill level 2 in Invocations
  9083 | D:8      | Noticed a troll
  9196 | D:8      | Reached skill level 3 in Invocations
  9601 | D:8      | Reached skill level 4 in Invocations
  9961 | D:9      | Reached skill level 10 in Axes
 10074 | D:8      | Reached skill level 5 in Invocations
 10666 | D:9      | Found a staircase to the Orcish Mines.
 10671 | D:9      | Found Wida Laure's Weapon Boutique.
 10725 | D:9      | Reached *** piety under Makhleb
 10769 | D:9      | Noticed a troll
 10789 | D:9      | Killed a troll
 10789 | D:9      | Reached XP level 10. HP: 74/81 MP: 14/14
 10851 | D:8      | Reached skill level 6 in Invocations
 10934 | D:7      | Bought a runed battleaxe for 182 gold pieces
 11378 | D:9      | Killed an unseen horror
 11378 | D:9      | Reached skill level 7 in Invocations
 12183 | D:9      | Reached **** piety under Makhleb
 12407 | D:10     | Entered Level 10 of the Dungeon
 12428 | D:9      | Reached skill level 8 in Invocations
 12986 | D:10     | Noticed Fannar
 13018 | D:10     | Killed Fannar
 13018 | D:10     | Reached skill level 9 in Invocations
 13018 | D:10     | Reached XP level 11. HP: 77/86 MP: 17/17
 14015 | D:10     | Noticed Urug
 14755 | D:11     | Killed an unseen horror
 14755 | D:11     | Reached skill level 15 in Axes
 14804 | D:11     | Found a frozen archway.
 14817 | IceCv    | Entered an ice cave
 14864 | D:11     | Noticed a death knight
 15161 | D:5      | Killed Prince Ribbit
 16539 | D:11     | Noticed a brown ugly thing
 16553 | D:11     | Killed a brown ugly thing
 16553 | D:11     | Reached skill level 5 in Armour
 16926 | D:11     | Found a staircase to the Lair.
 17277 | D:11     | Found a runed door.
 17611 | Lair:1   | Entered Level 1 of the Lair of Beasts
 17836 | Lair:1   | Reached ***** piety under Makhleb
 18361 | Lair:1   | Reached XP level 12. HP: 94/94 MP: 19/19
 20889 | Lair:3   | Reached skill level 10 in Armour
 21463 | Lair:4   | Noticed a catoblepas
 21494 | Lair:4   | Killed a catoblepas
 21640 | Lair:4   | Reached skill level 10 in Invocations
 21810 | Lair:4   | Reached XP level 13. HP: 81/107 MP: 20/20
 22579 | Lair:5   | Reached skill level 11 in Invocations
 22588 | Lair:5   | Noticed Maud
 23077 | Lair:5   | Reached ****** piety under Makhleb
 23326 | Lair:5   | Found a staircase to the Snake Pit.
 23779 | Lair:4   | Killed Maud
 23779 | Lair:4   | Reached skill level 10 in Fighting
 24508 | Lair:6   | Reached skill level 12 in Invocations
 24681 | Lair:6   | Noticed Rupert
 25041 | Lair:6   | Found a staircase to the Swamp.
 25064 | Lair:6   | Killed Rupert
 25382 | Lair:6   | Reached skill level 13 in Invocations
 25677 | Lair:7   | Noticed Nessos
 25686 | Lair:7   | Noticed Beleg's ghost (journeyman OgBe)
 25999 | Lair:7   | Noticed Kirke
 26013 | Lair:7   | Killed Kirke
 26013 | Lair:7   | Reached XP level 14. HP: 58/126 MP: 24/24
 26569 | Lair:8   | Entered Level 8 of the Lair of Beasts
 27032 | Lair:8   | Reached skill level 5 in Dodging
 27590 | Lair:8   | Killed Nessos
 27687 | Lair:8   | Found a staircase to the Slime Pits.
 28693 | Lair:8   | Noticed a dire elephant
 28730 | Lair:8   | Killed a dire elephant
 28736 | Lair:8   | Noticed a dire elephant
 28756 | Lair:8   | HP: 3/126 [dire elephant (23)]
 28763 | Lair:8   | Killed a dire elephant
 29012 | Lair:8   | Noticed a dire elephant
 29024 | Lair:8   | Killed a dire elephant
 29024 | Lair:8   | Reached XP level 15. HP: 82/132 MP: 25/25
 29539 | Lair:8   | Got a steaming turquoise ring
 29543 | Lair:8   | Identified the ring of Diblept {*Confuse rPois rC+ MR+ Dex+5} (You found it on level 8 of the Lair of Beasts)
 29995 | D:11     | Noticed a sphinx
 30521 | Orc:1    | Entered Level 1 of the Orcish Mines
 30525 | Orc:1    | Noticed Erolcha
 30549 | Orc:1    | Killed Erolcha
 30590 | Orc:1    | Noticed Josephine
 30599 | Orc:1    | Killed Josephine
 30768 | Orc:2    | Entered Level 2 of the Orcish Mines
 30773 | Orc:2    | Noticed Azrael
 30785 | Orc:2    | Killed Azrael
 31779 | Orc:2    | Found a staircase to the Elven Halls.
 32334 | Orc:2    | Found Ilokac's Armour Shop.
 32357 | Orc:2    | Found Qerej's Distillery.
 32363 | Orc:2    | Bought a potion of heal wounds for 75 gold pieces
 32363 | Orc:2    | Bought a potion of curing for 45 gold pieces
 32363 | Orc:2    | Bought a potion of curing for 45 gold pieces
 32363 | Orc:2    | Bought a potion of curing for 45 gold pieces
 32368 | Orc:2    | Found Laestreurgh's Magic Scroll Shoppe.
 32372 | Orc:2    | Found Luuhutto's Armour Shop.
 32376 | Orc:2    | Bought a scroll of teleportation for 39 gold pieces
 32376 | Orc:2    | Bought a scroll of blinking for 97 gold pieces
 32376 | Orc:2    | Bought a scroll of enchant armour for 97 gold pieces
 32376 | Orc:2    | Bought a scroll of identify for 26 gold pieces
 32433 | Orc:2    | Found Jelaon's Armour Emporium.
 32665 | D:6      | Bought a shiny plate armour for 667 gold pieces
 33252 | Orc:1    | Reached skill level 10 in Dodging
 33312 | D:11     | Noticed an Executioner
 33703 | D:11     | Paralysed by a sphinx for 2 turns
 33727 | D:11     | Killed a sphinx
 35239 | D:13     | Reached skill level 14 in Invocations
 35244 | D:13     | Noticed cheese's ghost (journeyman MiBe)
 36106 | Swamp:1  | Entered Level 1 of the Swamp
 36442 | Swamp:1  | Reached XP level 16. HP: 139/139 MP: 26/26
 37111 | Swamp:2  | Noticed a thorn hunter
 37221 | Swamp:2  | Reached skill level 15 in Invocations
 37228 | Swamp:2  | HP: 7/141 [alligator[a spriggan druid] (8)]
 38509 | Swamp:2  | Killed a thorn hunter
 40588 | Swamp:3  | Reached skill level 16 in Invocations
 40964 | Snake:1  | Entered Level 1 of the Snake Pit
 41514 | Snake:1  | Reached XP level 17. HP: 151/151 MP: 29/29
 42049 | Snake:1  | Got a bloodstained scale mail
 42050 | Snake:1  | Identified the +2 scale mail of the Burgomaster {+Inv rN+ Int+6 Stlth-} (You found it on level 1 of the Snake Pit)
 42674 | Snake:2  | Noticed Aizul
 42693 | Snake:2  | Killed Aizul
 44094 | Snake:3  | Found a shimmering altar of Xom.
 44980 | Snake:3  | Found Ipaluwn's Food Emporium.
 45450 | Snake:3  | Reached skill level 17 in Invocations
 45862 | Swamp:4  | Entered Level 4 of the Swamp
 46662 | Swamp:4  | Reached skill level 15 in Fighting
 46780 | Swamp:4  | Reached XP level 18. HP: 163/163 MP: 30/30
 46856 | Swamp:4  | Got a decaying rune of Zot
 47123 | Swamp:4  | Noticed Louise
 47147 | Swamp:4  | Killed Louise
 47939 | D:13     | Killed cheese's ghost
 47981 | D:13     | Found an oddly glowing altar of Pakellas.
 48131 | D:13     | Found a gate to the Vaults.
 48627 | D:14     | Noticed Roxanne
 49616 | D:15     | Entered Level 15 of the Dungeon
 49989 | D:15     | Found Ogam's Assorted Antiques.
 49996 | D:15     | Bought a scroll of blinking for 240 gold pieces
 49996 | D:15     | Bought a scroll of teleportation for 96 gold pieces
 50079 | D:15     | Found a sacrificial altar of Ru.
 50365 | D:15     | Reached skill level 18 in Invocations
 50513 | D:15     | Found a staircase to the Depths.
 50801 | Vaults:1 | Entered Level 1 of the Vaults
 51788 | Vaults:1 | Noticed Saint Roka
 51852 | Vaults:1 | Killed Saint Roka
 52460 | Vaults:1 | Found Tumyquah's General Store.
 52474 | Vaults:1 | Reached XP level 19. HP: 167/173 MP: 32/32
 52492 | Vaults:1 | Bought a scroll of teleportation for 48 gold pieces
 52492 | Vaults:1 | Bought a potion of curing for 48 gold pieces
 52492 | Vaults:1 | Bought a scroll of identify for 32 gold pieces
 52883 | Vaults:2 | Found a staircase to the Crypt.
 54476 | Vaults:2 | Reached skill level 19 in Invocations
 55559 | Vaults:3 | Found Pelaba's Antique Weapon Shoppe.
 55566 | Vaults:3 | Noticed Donald
 55587 | Vaults:3 | Killed Donald
 55961 | Vaults:3 | Found Berhoc's Book Shoppe.
 56057 | Vaults:3 | Reached skill level 15 in Dodging
 56273 | Vaults:3 | Noticed Mennas
 56323 | Vaults:3 | Killed Mennas
 56478 | Vaults:3 | Found a portal to a secret trove of treasure.
 56699 | Vaults:3 | Got a smoking plate armour
 56700 | Vaults:3 | Identified the +5 plate armour "Qocvinle" {Str-4 Int+3 Dex+4 SInv} (You found it on level 3 of the Vaults)
 56842 | Vaults:3 | Reached XP level 20. HP: 184/184 MP: 33/33
 57576 | Vaults:4 | Reached skill level 20 in Invocations
 58784 | Vaults:4 | HP: 2/187 [ice dragon/blast of cold (57)]
 60830 | Snake:4  | Entered Level 4 of the Snake Pit
 61354 | Snake:4  | Reached skill level 21 in Invocations
 61389 | Snake:4  | Reached XP level 21. HP: 188/195 MP: 8/35
 61738 | Snake:4  | Noticed Norris
 61766 | Snake:4  | Killed Norris
 62929 | Snake:4  | Got a serpentine rune of Zot
 63546 | Elf:1    | Entered Level 1 of the Elven Halls
 63951 | Elf:1    | Identified the Handbook of Summoning
 64007 | Elf:1    | Found Kifreqim's Gadget Boutique.
 64120 | Elf:1    | Reached skill level 15 in Armour
 64312 | Elf:1    | Identified Sif Muna's Catalogue of Moulding
 64644 | Elf:2    | Found Avuafo's Antique Weapon Boutique.
 65288 | Elf:2    | Reached skill level 22 in Invocations
 65434 | Elf:2    | Found a huge runed gate.
 65434 | Elf:2    | Found a huge runed gate.
 65435 | Elf:2    | Found a huge runed gate.
 66019 | Elf:2    | Got a crude hand axe
 66020 | Elf:2    | Identified the +4 hand axe of Accord {antimagic, Fragile rC++ Str-3 Dex+8} (You found it on level 2 of the Elven Halls)
 66529 | Elf:2    | Reached XP level 22. HP: 116/207 MP: 37/37
 66756 | Elf:3    | Entered Level 3 of the Elven Halls
 67956 | Elf:3    | Found Ogiuc's Distillery.
 67959 | Elf:3    | Bought a potion of heal wounds for 90 gold pieces
 67959 | Elf:3    | Bought a potion of haste for 180 gold pieces
 67959 | Elf:3    | Bought a potion of curing for 54 gold pieces
 67959 | Elf:3    | Bought a potion of curing for 54 gold pieces
 67959 | Elf:3    | Bought a potion of resistance for 180 gold pieces
 69279 | Elf:3    | Got a steaming iron ring
 69280 | Elf:3    | Got a polished steam dragon armour
 69351 | Elf:3    | Identified the +1 steam dragon armour "Asuej" {rF+ rN+ Regen+} (You took it off a deep elf demonologist on level 3 of the Elven Halls)
 69362 | Elf:3    | Identified the ring "Teacwec" {rPois rN+ MR+ Str+5 Dex+2} (You took it off a deep elf demonologist on level 3 of the Elven Halls)
 69371 | Elf:3    | Identified Robatit's Volume of Ghastly Ignition (You found it on level 3 of the Elven Halls)
 69375 | Elf:3    | Got a spiked cloak
 69386 | Elf:3    | Identified the +2 cloak of Teistet {rPois rCorr Str+2 Dex+3} (You found it on level 3 of the Elven Halls)
 69424 | Elf:3    | Got a pair of steaming boots
 69435 | Elf:3    | Identified the +1 pair of boots of the Game Afoot {rF+ MR+ Str+2 Dex+2} (You found it on level 3 of the Elven Halls)
 69441 | Elf:3    | Got a heavily runed chain mail
 69452 | Elf:3    | Identified the +5 chain mail "Xaemoz" {Dex+2} (You found it on level 3 of the Elven Halls)
 70144 | Depths:1 | Entered Level 1 of the Depths
 70144 | Depths:1 | Found a gateway to Hell.
 70228 | Depths:1 | Found a glowing golden altar of the Shining One.
 71069 | Depths:1 | Got a wavering glass ring
 71071 | Depths:1 | Identified the ring "Waj Apog" {*Confuse rF+ rC+ MR+ Str+2} (You found it on level 1 of the Depths)
 71782 | Depths:2 | Found a one-way gate to the infinite horrors of the Abyss.
 71819 | Depths:2 | Found a gateway to a ziggurat.
 71853 | Depths:2 | Learned a level 3 spell: Regeneration
 71856 | Depths:2 | Learned a level 2 spell: Song of Slaying
 71860 | Depths:2 | Learned a level 3 spell: Spectral Weapon
 71863 | Depths:2 | Learned a level 2 spell: Shroud of Golubria
 71900 | Depths:2 | Reached XP level 23. HP: 215/215 MP: 38/38
 72338 | Depths:2 | Noticed Wiglaf
 72354 | Depths:2 | Killed Wiglaf
 73685 | Depths:2 | Got a ring of the Octopus King
 73687 | Depths:2 | Identified a ring of the Octopus King {SustAt AC+1 EV+1 Str+1 Int+1 Dex+1} (You took it off a spriggan on level 2 of the Depths)
 73820 | Depths:2 | Noticed a golden dragon
 73833 | Depths:2 | Killed a golden dragon
 73851 | Depths:2 | Noticed a golden dragon
 73875 | Depths:2 | Killed a golden dragon
 73895 | Depths:2 | Got a warped glass ring
 73896 | Depths:2 | Identified the ring "Zudull" {Ice rN+ Str+3 Stlth+} (You found it on level 2 of the Depths)
 74710 | Depths:3 | Found a shimmering altar of Xom.
 74770 | Depths:3 | Noticed Jory
 74774 | Depths:3 | Reached XP level 24. HP: 223/223 MP: 38/38
 74806 | Depths:3 | Killed Jory
 75001 | Depths:3 | Found a one-way gate leading to the halls of Pandemonium.
 75335 | Depths:3 | Noticed a caustic shrike
 75341 | Depths:3 | a caustic shrike changed into a golden dragon
 75987 | Depths:3 | Identified the Incunabulum of the Exiled Orbs
 75990 | Depths:3 | Learned a level 1 spell: Summon Butterflies
 76914 | Depths:4 | Got a distressingly furry helmet
 76915 | Depths:4 | Identified the +0 helmet of Eschur {rElec Str+2} (You found it on level 4 of the Depths)
 77242 | Depths:5 | Entered Level 5 of the Depths
 77459 | Depths:5 | Reached XP level 25. HP: 228/233 MP: 38/38
 77619 | Depths:5 | Found a gate to the Realm of Zot.
 77656 | Depths:5 | Reached skill level 23 in Invocations
 77824 | Depths:5 | Found Amnon's Quality Used Wands.
 78543 | Vaults:5 | Entered Level 5 of the Vaults
 78676 | Vaults:5 | Noticed Mara
 78684 | Vaults:5 | Noticed vale's illusion
 78706 | Vaults:5 | Killed Mara
 78946 | Vaults:5 | Reached skill level 24 in Invocations
 78952 | Vaults:5 | Got a crude steel ring
 78953 | Vaults:5 | Identified the ring "Riehate" {rC+ EV+2} (You took it off a tengu reaver on level 5 of the Vaults)
 79100 | Vaults:5 | Noticed Xtahua
 79122 | Vaults:5 | Killed Xtahua
 79139 | Vaults:5 | Reached XP level 26. HP: 241/246 MP: 39/39
 79178 | Vaults:5 | Identified Sif Muna's Almanac of Orientation
 79182 | Vaults:5 | Learned a level 2 spell: Blink
 79191 | Vaults:5 | Got a silver rune of Zot
 79459 | Vaults:5 | Noticed an ancient lich
 79466 | Vaults:5 | Killed an ancient lich
 81059 | Zot:1    | Entered Level 1 of the Realm of Zot
 81446 | Zot:1    | Reached skill level 25 in Invocations
 81740 | Zot:1    | Identified the Reference Book on the Damaging Blaze
 81749 | Zot:1    | Identified the Reference Book on Augmentations (You found it on level 1 of the Realm of Zot)
 81757 | Zot:1    | Learned a level 6 spell: Haste
 81762 | Zot:1    | Got a translucent cloak
 81763 | Zot:1    | Identified the cursed -1 cloak "Lauchi Emija" {+Fly rElec rC+} (You found it on level 1 of the Realm of Zot)
 82789 | Zot:2    | Reached XP level 27. HP: 252/258 MP: 39/39
 83991 | Zot:3    | Reached skill level 26 in Invocations
 85877 | Zot:5    | Entered Level 5 of the Realm of Zot
 85878 | Zot:5    | Identified 2 scrolls of acquirement
 86172 | Zot:5    | Noticed an orb of fire
 86177 | Zot:5    | Gained mutation: Your magical capacity is low (-10% MP). [an orb of fire]
 86181 | Zot:5    | Gained mutation: Your magical capacity is very low (-20% MP). [an orb of fire]
 86185 | Zot:5    | Killed an orb of fire
 86382 | Zot:5    | Reached skill level 27 in Invocations
 86545 | Zot:5    | Noticed an ancient lich
 86552 | Zot:5    | Killed an ancient lich
 86634 | Zot:5    | Gained mutation: Your magical capacity is extremely low (-30% MP). [a neqoxec]
 86639 | Zot:5    | Noticed an ancient lich
 86639 | Zot:5    | Noticed an orb of fire
 86647 | Zot:5    | Gained mutation: You are weak. (Str -2) [an orb of fire]
 86652 | Zot:5    | Gained mutation: You are clumsy. (Dex -2) [an orb of fire]
 86654 | Zot:5    | Noticed an ancient lich
 86655 | Zot:5    | Killed an orb of fire
 86662 | Zot:5    | Killed an ancient lich
 86716 | Zot:5    | Killed an ancient lich
 86881 | Zot:5    | Got the Orb of Zot
 86932 | Zot:5    | Noticed an orb of fire
 86939 | Zot:5    | Gained mutation: You are dopey. (Int -2) [an orb of fire]
 86945 | Zot:5    | Killed an orb of fire
 87336 | D:13     | Noticed Owusmid the pandemonium lord
 87594 | D:$      | Escaped with the Orb!

Skill      XL: |  1  2  3  4  5  6  7  8  9 10 11 12 13 14 15 16 17 18 19 20 21 22 23 24 25 26 27 |
---------------+----------------------------------------------------------------------------------+-----
Dodging        | 1 8 10 12 14 15 | 15.7
Fighting       | 3 5 8 12 13 15 16 17 18 19 20 21 23 25 | 25.7
Maces & Flails | 2 4 6 8 |  8.7
Armour         | 3 6 10 11 12 13 15 17 18 19 20 22 24 | 24.5
Axes           | 7 11 14 16 17 19 22 24 25 | 25.9
Invocations    | 5 9 10 13 14 16 17 18 19 21 22 24 25 27 | 27.0
Short Blades   | |  2.0
Throwing       | |  1.8
Stealth        | |  3.3

Action                   |  1- 3 |  4- 6 |  7- 9 | 10-12 | 13-15 | 16-18 | 19-21 | 22-24 | 25-27 || total
-------------------------+-------+-------+-------+-------+-------+-------+-------+-------+-------++-------
Melee: Dagger            |    95 |     2 |       |       |       |       |       |       |       ||    97
       Whip              |       |   112 |   374 |     4 |       |       |       |       |       ||   490
       Battleaxe         |       |       |       |   730 |  1176 |  1789 |  2003 |       |       ||  5698
       Unarmed           |       |       |       |       |     2 |       |       |       |       ||     2
       Executioner's axe |       |       |       |       |       |       |    33 |  1355 |  1347 ||  2735
 Fire: Blowgun           |    34 |    22 |    69 |    15 |    27 |     7 |    14 |       |       ||   188
Throw: Stone             |    31 |    45 |    53 |    44 |       |       |       |       |       ||   173
       Throwing net      |       |       |       |     3 |       |       |       |       |       ||     3
Invok: Lesser Servant of |       |       |     1 |    17 |    28 |    14 |    15 |     7 |     5 ||    87
       Minor Destruction |       |       |       |    99 |   108 |   174 |    80 |    71 |    17 ||   549
       Greater Servant o |       |       |       |       |    12 |     5 |     9 |     8 |     9 ||    43
       Major Destruction |       |       |       |       |     6 |       |     4 |     2 |       ||    12
Evoke: Wand              |       |       |       |     3 |     6 |       |     1 |     1 |     3 ||    14
       Sack of spiders   |       |       |       |       |     2 |     2 |     2 |       |     2 ||     8
       Box of beasts     |       |       |       |       |       |     1 |     2 |       |       ||     3
       Lamp of fire      |       |       |       |       |       |     1 |       |       |     1 ||     2
       Fan of gales      |       |       |       |       |       |       |     1 |       |       ||     1
  Use: Scroll            |       |     7 |     1 |    24 |    11 |    14 |     9 |    10 |    16 ||    92
       Potion            |       |       |     3 |     1 |     7 |     3 |     9 |     1 |     3 ||    27
 Stab: Sleeping          |       |     3 |     2 |       |       |       |       |       |       ||     5
       Distracted        |       |       |       |     1 |     4 |     8 |     5 |     5 |     3 ||    26
       Held in net/web   |       |       |       |     1 |       |       |       |       |       ||     1
       Confused          |       |       |       |       |       |     1 |       |     3 |       ||     4
  Eat: Chunk             |     4 |     8 |    14 |    37 |    45 |    35 |    36 |    31 |    23 ||   233
       Fruit             |       |       |     2 |       |       |     3 |       |       |       ||     5
       Beef jerky        |       |       |     2 |       |       |       |     2 |     2 |       ||     6
       Royal jelly       |       |       |       |     1 |     3 |     1 |       |       |     2 ||     7
       Pizza             |       |       |       |       |     1 |     3 |       |     1 |     1 ||     6
       Bread ration      |       |       |       |       |     1 |     2 |     2 |     1 |     1 ||     7
       Meat ration       |       |       |       |       |       |     2 |     1 |       |     1 ||     4
Armor: Robe              |    33 |    21 |       |       |       |       |       |       |       ||    54
       Ring mail         |       |    16 |   111 |    57 |       |       |       |       |       ||   184
       Scale mail        |       |       |       |   280 |   373 |       |       |       |       ||   653
       Plate armour      |       |       |       |       |   206 |  1183 |  1048 |   156 |       ||  2593
       Crystal plate arm |       |       |       |       |       |       |       |   658 |   781 ||  1439
Dodge: Dodged            |    66 |    53 |   117 |   295 |   535 |   801 |   944 |  1019 |  1068 ||  4898
